 Dungeon Crawl Stone Soup version 0.21.1-1-g345015f (webtiles) character file.

95 theblackcape the Magician (level 4, -2/38 HPs)
             Began as a Gnoll Wanderer on June 14, 2018.
             Killed from afar by an orc wizard (3 damage)
             ... with a magic dart
             ... on level 2 of the Dungeon.
             The game lasted 00:12:56 (2488 turns).

theblackcape the Magician (Gnoll Wanderer)          Turns: 2488, Time: 00:12:59

Health: -2/38      AC:  5    Str: 18    XL:     4   Next: 66%
Magic:  20/20      EV: 16    Int: 13    God:
Gold:   147        SH:  0    Dex: 18    Spells: 3/13 levels left

rFire    . . .     SeeInvis .   t - +0 hand axe
rCold    . . .     Gourm    .   (no shield)
rNeg     . . .     Faith    .   e - +0 leather armour
rPois    .         Spirit   .   m - +0 helmet
rElec    .         Reflect  .   l - +0 cloak
rCorr    .         Harm     .   (no gloves)
MR       .....     Rnd*Tele +   (no boots)
Stlth    ++........             (no amulet)
HPRegen  0.12/turn              g - ring of magical power
MPRegen  0.17/turn              o - ring of teleportation (curse)

@: agile, lethally poisoned (-2 -> -9), slowed, heavily drained, very slow
A: distributed training, fangs 1, strong nose
a: no special abilities


You were on level 2 of the Dungeon.
You were very hungry.

You visited 1 branch of the dungeon, and saw 3 of its levels.

You collected 147 gold pieces.

Inventory:

Hand Weapons
 n - a +0 short sword
 t - a +0 hand axe (weapon)
Armour
 d - a +0 robe
 e - a +0 leather armour (worn)
 l - a +0 cloak (worn)
 m - a +0 helmet (worn)
Jewellery
 g - a ring of magical power (left hand)
 o - a cursed ring of teleportation (right hand)
Scrolls
 c - a scroll of teleportation
 i - a scroll of amnesia {unknown}
 j - 4 scrolls of identify {unknown}
 k - a scroll of immolation {unknown}
 p - a scroll of noise {unknown}
 q - a scroll of fear {unknown}
Books
 a - a book of Battle

   Spells                             Type                      Level
   a - Infusion                       Charms                       1
   b - Shroud of Golubria             Charms/Translocation         2
   c - Song of Slaying                Charms                       2
   d - Spectral Weapon                Hexes/Charms                 3
   e - Regeneration                   Charms/Necromancy            3
 b - the Grimoire of Augmentations

   Spells                             Type                      Level
   a - Song of Slaying                Charms                       2
   b - Swiftness                      Charms/Air                   2
Comestibles
 f - 4 rations


   Skills:
 + Level 4.6(3.5) Fighting
 + Level 1.2(0.1) Short Blades
 + Level 1.2(0.1) Long Blades
 + Level 2.8(1.6) Axes
 + Level 1.2(0.1) Maces & Flails
 + Level 1.2(0.1) Polearms
 + Level 1.2(0.1) Staves
 + Level 1.2(0.1) Slings
 + Level 1.2(0.1) Bows
 + Level 1.2(0.1) Crossbows
 + Level 1.2(0.1) Throwing
 + Level 1.2(0.1) Armour
 + Level 1.2(0.1) Dodging
 + Level 1.2(0.1) Stealth
 + Level 4.6(3.5) Shields
 + Level 1.2(0.1) Unarmed Combat
 + Level 5.1(3.9) Spellcasting
 + Level 2.2(1.1) Conjurations
 + Level 1.0(0.0) Hexes
 + Level 3.8(2.7) Charms
 + Level 1.0(0.0) Summonings
 + Level 1.0(0.0) Necromancy
 + Level 1.0(0.0) Translocations
 + Level 1.0(0.0) Transmutations
 + Level 1.0(0.0) Fire Magic
 + Level 1.0(0.0) Ice Magic
 + Level 1.0(0.0) Air Magic
 + Level 1.0(0.0) Earth Magic
 + Level 1.0(0.0) Poison Magic
 + Level 1.3(0.2) Invocations
 + Level 1.2(0.1) Evocations


You had 3 spell levels left.
You knew the following spells:

 Your Spells              Type           Power        Failure   Level  Hunger
a - Infusion              Chrm           #...         9%          1    None
b - Shroud of Golubria    Chrm/Tloc      #.........   22%         2    ##.....
c - Song of Slaying       Chrm           #.......     12%         2    ##.....
d - Swiftness             Chrm/Air       #.......     22%         2    ##.....
e - Regeneration          Chrm/Necr      #.........   38%         3    ###....


Dungeon Overview and Level Annotations

Branches:
Dungeon (3/15)

Altars:
Sif Muna


Innate Abilities, Weirdness & Mutations

Your experience applies equally to all skills.
You have very sharp teeth.
Your uncanny sense of smell can sniff out nearby items.


Message History

* * * LOW HITPOINT WARNING * * *
You feel drained.
* * * LOW HITPOINT WARNING * * *
The orc wizard barely misses you.
You hit the orc wizard but do no damage.
The orc wizard is severely wounded.
* * * LOW HITPOINT WARNING * * *
You feel sick.
The orc wizard points at you and mumbles some strange words.
The magic dart hits you!
* * * LOW HITPOINT WARNING * * *
The orc wizard casts a spell.
The orc wizard blinks!
It was a potion of agility.
You feel agile all of a sudden.
* * * LOW HITPOINT WARNING * * *
You feel sick.
The orc wizard points at you and mumbles some strange words.
The magic dart hits you!
You die...

#.#.#....#..# #.).#.# #...#
#.#.#....#..# #...#.# #...#
#...#....#..# #..##.# #...#
###.#.####..#######.###.### #...#
..#.#.####................# #...#
#.#.....<........##.###)#.###...#
......###...###.............#...#
..##........###..†..###...###...#
..##.........##.@§.####...# #...#
...#..........'....+......# #...#
####......#####....#####..###...#
...'......'...o....+............#
####......#####....#####...##...#
# #......# #....# #...##...#
###############....# #...##...#
.................##### #....#...#
##############.......# #....#....


You could see an orc wizard.

Vanquished Creatures
  6 adders (D:2)
  2 dart slugs
  A leopard gecko (D:2)
  2 orcs (D:2)
  A giant cockroach (D:2)
  A hobgoblin (D:1)
  3 jackals (D:2)
  7 kobolds
  A ball python (D:2)
  3 bats
  2 frilled lizards (D:1)
  5 goblins
  3 rats
37 creatures vanquished.

Notes
Turn   | Place    | Note
-------+----------+-------------------------------------------
     0 | D:1      | theblackcape the Gnoll Wanderer began the quest for the Orb.
     0 | D:1      | theblackcape set off with: a book of Battle, the Grimoire of Augmentations, a scroll of teleportation, a +0 robe, a +0 club, a ration
     0 | D:1      | Reached XP level 1. HP: 20/20 MP: 6/6
     0 | D:1      | Identified the Grimoire of Augmentations
     2 | D:1      | Learned a level 1 spell: Infusion
   261 | D:1      | Reached XP level 2. HP: 25/26 MP: 7/7
   302 | D:1      | Learned a level 2 spell: Shroud of Golubria
   305 | D:1      | Learned a level 2 spell: Song of Slaying
   308 | D:1      | Learned a level 2 spell: Swiftness
   797 | D:2      | Reached XP level 3. HP: 31/31 MP: 9/9
   884 | D:2      | Reached skill level 5 in Spellcasting
   890 | D:2      | Learned a level 3 spell: Regeneration
   920 | D:2      | Reached skill level 1 in Invocations
  1180 | D:2      | Reached skill level 1 in Short Blades
  1180 | D:2      | Reached skill level 1 in Long Blades
  1180 | D:2      | Reached skill level 1 in Maces & Flails
  1180 | D:2      | Reached skill level 1 in Polearms
  1180 | D:2      | Reached skill level 1 in Staves
  1180 | D:2      | Reached skill level 1 in Slings
  1180 | D:2      | Reached skill level 1 in Bows
  1180 | D:2      | Reached skill level 1 in Crossbows
  1180 | D:2      | Reached skill level 1 in Throwing
  1180 | D:2      | Reached skill level 1 in Armour
  1180 | D:2      | Reached skill level 1 in Dodging
  1180 | D:2      | Reached skill level 1 in Stealth
  1180 | D:2      | Reached skill level 1 in Unarmed Combat
  1180 | D:2      | Reached skill level 1 in Evocations
  1180 | D:2      | Reached XP level 4. HP: 26/38 MP: 11/11
  2352 | D:2      | Found a deep blue altar of Sif Muna.
  2485 | D:2      | Reached skill level 1 in Hexes
  2485 | D:2      | Reached skill level 1 in Summonings
  2485 | D:2      | Reached skill level 1 in Necromancy
  2485 | D:2      | Reached skill level 1 in Translocations
  2485 | D:2      | Reached skill level 1 in Transmutations
  2485 | D:2      | Reached skill level 1 in Fire Magic
  2485 | D:2      | Reached skill level 1 in Ice Magic
  2485 | D:2      | Reached skill level 1 in Air Magic
  2485 | D:2      | Reached skill level 1 in Earth Magic
  2485 | D:2      | Reached skill level 1 in Poison Magic
  2488 | D:2      | HP: 1/38 [poisoned by an adder]
  2488 | D:2      | Killed from afar by an orc wizard

Skill      XL: |  1  2  3  4 |
---------------+-------------+-----
Conjurations   | 2 |  2.2
Spellcasting   | 5 |  5.1
Invocations    | 1 |  1.3
Short Blades   | 1 |  1.2
Long Blades    | 1 |  1.2
Maces & Flails | 1 |  1.2
Polearms       | 1 |  1.2
Staves         | 1 |  1.2
Slings         | 1 |  1.2
Bows           | 1 |  1.2
Crossbows      | 1 |  1.2
Throwing       | 1 |  1.2
Armour         | 1 |  1.2
Dodging        | 1 |  1.2
Stealth        | 1 |  1.2
Unarmed Combat | 1 |  1.2
Evocations     | 1 |  1.2
Hexes          | 1 |  1.0
Summonings     | 1 |  1.0
Necromancy     | 1 |  1.0
Translocations | 1 |  1.0
Transmutations | 1 |  1.0
Fire Magic     | 1 |  1.0
Ice Magic      | 1 |  1.0
Air Magic      | 1 |  1.0
Earth Magic    | 1 |  1.0
Poison Magic   | 1 |  1.0
Fighting       | |  4.6
Axes           | |  2.8
Shields        | |  4.6
Charms         | |  3.8

Action                   |  1- 3 |  4- 6 || total
-------------------------+-------+-------++-------
Melee: Dagger            |    99 |    20 ||   119
       Bite              |    11 |     9 ||    20
       Hand axe          |       |    42 ||    42
 Cast: Infusion          |    13 |       ||    13
       Shroud of Golubri |     1 |       ||     1
       Song of Slaying   |     1 |       ||     1
  Use: Potion            |       |     2 ||     2
  Eat: Chunk             |     1 |     3 ||     4
Armor: Robe              |     5 |       ||     5
       Leather armour    |    20 |    24 ||    44
Dodge: Dodged            |    64 |    54 ||   118
